 Dungeon Crawl Stone Soup version 0.30-a0-956-gcec3b41aec (webtiles) character file.

Game seed: 17123054990441428737

891 jasper the Chopper (level 7, 46/62 HPs)
             Began as a Minotaur Berserker on Mar 29, 2023.
             Was a Priest of Trog.
             Quit the game on level 5 of the Dungeon.
             The game lasted 00:06:25 (4555 turns).

jasper the Chopper (Minotaur Berserker)             Turns: 4555, Time: 00:06:25

Health: 46/62      AC: 14    Str: 22    XL:     7   Next: 78%
Magic:  6/6        EV:  9    Int:  4    God:    Trog [***...]
Gold:   210        SH:  5    Dex: 11    Spells: 6/6 levels left

rFire   + . .      SeeInvis .    a - +0 hand axe
rCold   . . .      Faith    .    c - +2 buckler
rNeg    . . .      Spirit   .    p - +0 chain mail
rPois   .          Reflect  .    v - +2 hat
rElec   .          Rampage  .    i - +0 cloak {Will+}
rCorr   .                        t - +0 pair of gloves
Will    +....                    (no boots) Stlth
                                 (no amulet)
HPRegen 0.30/turn                r - ring of protection from fire
MPRegen 0.10/turn                (no ring)

@: on berserk cooldown, slowed, very slow
A: horns 2, retaliatory headbutt
a: Renounce Religion, Berserk, Trog's Hand


You were on level 5 of the Dungeon.
You worshipped Trog.
Trog was most pleased with you.
You visited 1 branch of the dungeon, and saw 5 of its levels.
You also visited: Sewer.

You collected 210 gold pieces.

Inventory:

Hand Weapons
 a - a +0 hand axe (weapon)
 n - a +4 club
 x - a +0 flail
Missiles
 e - 45 stones (quivered)
 f - 2 curare-tipped darts
 y - 2 boomerangs
 z - 5 poisoned darts
Armour
 b - a +0 animal skin
 c - a +2 buckler (worn)
 h - a +0 ring mail
 i - a +0 cloak of willpower (worn)
 p - a +0 chain mail (worn)
 t - a +0 pair of gloves (worn)
 v - a +2 hat (worn)
 B - a scarf of repulsion
Jewellery
 r - a ring of protection from fire (left hand)
 A - an amulet of magic regeneration
Wands
 m - a wand of flame (10)
 q - a wand of roots (9)
Scrolls
 d - a scroll of immolation
 o - 2 scrolls of teleportation
 s - 3 scrolls of fog
Potions
 g - a potion of heal wounds
 j - a potion of invisibility
 k - 4 potions of curing
 l - 3 potions of might
 u - 7 potions of flight
 w - 4 potions of mutation


   Skills:
 + Level 5.9 Fighting
 * Level 7.6 Axes
 + Level 5.2 Armour
 + Level 4.8 Dodging


You had 6 spell levels left.
You didn't know any spells.
Your spell library was empty.

Dungeon Overview and Level Annotations

Branches:
Dungeon (5/15)              Sewer (visited)
 Temple: D:4-7

Altars:
Cheibriados

Shops:
D:1 =!:[


Innate Abilities, Weirdness & Mutations

You have a pair of horns on your head.
You reflexively headbutt those who attack you in melee.


Message History

The orc priest hits you with a +0 dagger.
You block the orc's attack.
You take 3 damage, and have 66/93 hp.
You slash the orc!
You kill the orc!
Trog accepts your kill.
You hit the orc priest. You barely miss the orc.
The orc priest hits you but does no damage.
The orc barely misses you.
Items here: $ )) [[ †.
You barely miss the orc.
You hit the orc priest but do no damage.
The orc hits you but does no damage.
The orc priest hits you but does no damage.
You barely miss the orc. You barely miss the orc priest. You hit the orc.
The orc is severely wounded.
You hit the orc priest.
You kill the orc priest!
Trog accepts your kill. The orc closely misses you.
You slash the orc!
You kill the orc!
Trog accepts your kill.
You hit the quokka.
You kill the quokka!
Trog accepts your kill.
You now have 207 gold pieces (gained 11).
Things that are here:
a +0 club; a +0 leather armour; an orc corpse You feel a strong urge to attack something.
You are no longer berserk.
You are exhausted.
You feel yourself slow down.
You now have 210 gold pieces (gained 3).
Items here: )) [[ †.
You now have 46/62 hp.
Okay, then.
Unknown command.
Are you sure you want to abandon this character and quit the game? (Confirm with "yes".)

##### ...... ......
#.. .#
......########..#.#
........... .....>#
.........# #...#.#
#######@)# #...#.#
......)).# #...#.#
[.#####.#####.....#..#
#........#......#..#
#.............#.#..#
###.####.###....#..#
#. #.######)#..# ..
#...........# ##
########.##.###


There were no monsters in sight!

Vanquished Creatures
  Menkaure (D:4)
  An ogre (D:4)
  A phantom (D:5)
  2 scorpions (D:4)
  A howler monkey (D:5)
  4 hounds (D:4)
  An orc priest (D:5)
  Jessica (D:2)
  7 adders
  7 river rats
  2 worms
  11 orcs
  7 endoplasms
  7 giant cockroaches
  7 goblins
  10 hobgoblins
  12 jackals
  8 quokkas
  12 ball pythons
  16 bats
  5 frilled lizards
  8 kobolds
  8 rats
139 creatures vanquished.

Notes
Turn   | Place    | Note
-------+----------+-------------------------------------------
     0 | D:1      | jasper the Minotaur Berserker began the quest for the Orb.
     0 | D:1      | Reached XP level 1. HP: 19/19 MP: 0/0
   106 | D:1      | Found Roatoh's Distillery.
   167 | D:1      | Found Muaxkar's Armour Shop.
   170 | D:1      | Reached XP level 2. HP: 15/27 MP: 1/1
   248 | D:1      | Reached skill level 4 in Axes
   400 | D:1      | Found a faded altar of an unknown god.
   422 | D:1      | Found Necaad's Jewellery Boutique.
   572 | D:1      | Reached XP level 3. HP: 33/33 MP: 2/2
   593 | D:1      | Reached ** piety under Trog
   666 | D:1      | Found Duliem's Book Emporium.
  1106 | D:2      | Noticed Jessica
  1112 | D:2      | Killed Jessica
  1113 | D:2      | Reached XP level 4. HP: 28/40 MP: 3/3
  1436 | D:2      | Reached skill level 5 in Axes
  2936 | D:4      | Noticed a scorpion
  2936 | D:4      | Noticed a scorpion
  2942 | D:4      | Killed a scorpion
  2943 | D:4      | Reached XP level 5. HP: 47/47 MP: 4/4
  2948 | D:4      | Reached XP level 6. HP: 55/55 MP: 5/5
  3107 | D:4      | Reached *** piety under Trog
  3130 | D:4      | Found a glowing drain.
  3135 | D:4      | Reached skill level 6 in Axes
  3145 | D:4      | Reached skill level 5 in Fighting
  3147 | Sewer    | Entered a sewer
  3907 | D:4      | Noticed Menkaure
  3913 | D:4      | Killed Menkaure
  3914 | D:4      | Reached XP level 7. HP: 61/61 MP: 6/6
  3965 | D:4      | Reached skill level 7 in Axes
  4208 | D:4      | Found a snail-covered altar of Cheibriados.
  4416 | D:5      | Entered Level 5 of the Dungeon
  4467 | D:5      | Reached skill level 5 in Armour
  4555 | D:5      | Quit the game

Illustrated notes

Levels and vault maps discovered:
D:1:      lightli_arrival_maybe_door_vault, layout_rooms, serial_shops,
          nicolae_shop_behind_doors, nicolae_shop_window_shopping,
          shop_fountains, nicolae_shop_advertising_works
          [nicolae_subvault_shop_adworks], basic_ecumenical_altar,
          amethyst_killhole, minmay_3d_cube
D:2:      layout_basic, nicolae_concentric_dashed_squares_wild, uniq_jessica
D:3:      layout_basic, minmay_misc_feat_more_columns
D:4:      layout_basic, mainiacjoe_overflow_paths, portal_sewer_entry_b,
          uniq_menkaure
D:5:      layout_basic, nicolae_ru_great_annihilating_truth,
          nzn_hepliaklqana_mist_gate, nicolae_vehumet_radiance, bloody_makhleb,
          serial_corexii_hall, corexii_hall_statues_x,
          chequers_hall_statues_wall_a

Skill      XL: |  1  2  3  4  5  6  7 |
---------------+----------------------+-----
Axes           | 4 5 6 7 |  7.6
Fighting       | 4 5 |  5.9
Armour         | 3 4 5 |  5.2
Dodging        | 3 4 |  4.8

Action                     |  1- 3 |  4- 6 |  7- 9 || total
---------------------------+-------+-------+-------++-------
  Melee: Hand axe          |   100 |   133 |    40 ||   273
         Headbutt          |    13 |    27 |     7 ||    47
 Invoke: Berserk           |       |     2 |     2 ||     4
    Use: Scroll            |     2 |     7 |     3 ||    12
 Armour: Animal skin       |     8 |       |       ||     8
         Ring mail         |    36 |    14 |       ||    50
         Chain mail        |       |    84 |    20 ||   104
  Dodge: Dodged            |    60 |    91 |    15 ||   166
  Block: Buckler           |    22 |    54 |    10 ||    86

Table legend: (Time is in decaauts)
 A = Elapsed time spent in this place.
 B = Non-inter-level travel time spent in this place.
 C = Inter-level travel time spent in this place.
 D = Time resting spent in this place.
 E = Time spent auto-exploring this place.
 F = Levels seen in this place.
 G = Mean time per level.
                   A        B        C        D        E       F      G
               +--------+--------+--------+--------+--------+-----+--------+
         Total |   4777 |   4652 |    125 |    160 |   3331 |   6 |  796.2 |
       Dungeon |   3927 |   3802 |    125 |    160 |   2851 |   5 |  785.4 |
         Sewer |    849 |    849 |      0 |      0 |    479 |   1 |  849.0 |
               +--------+--------+--------+--------+--------+-----+--------+

Top non-repeatable levels by time:
     D:3: 1068 daAuts
     D:4: 947 daAuts
     D:2: 905 daAuts
     D:1: 872 daAuts
   Sewer: 849 daAuts
     D:5: 134 daAuts
